Map: King's Cove LE

Players

Arctur - Winner!

  • Race: Terran Terran
  • Spawn Location: 11:00

InZaNe

  • Race: Terran Terran
  • Spawn Location: 5:00

Event: 2019 WCS Spring

VOD

Have the link to the VOD?

Description

Time

  • Played on: May 17, 2019, 8:35 a.m.
  • Length: 25:41

All games in this series

Show
View Real Time Build Order
Export as new Build Order

Arctur Terran - Winner!

Build Orders: Gas First Reaper Expand 

Get SALT Encoding   

  12  0:00  SCV  
  13  0:12  SCV  
  14  0:18  Supply Depot  
  14  0:25  SCV  
  15  0:29  Refinery  
  15  0:40  SCV  
  16  0:45  Barracks  
  16  0:52  SCV  
  17  1:04  SCV  
  18  1:16  SCV  
  19  1:33  Reaper, Orbital Command  
  20  1:47  Command Center  
  20  1:57  Factory  
  20  2:02  SCV  
  20  2:07  Barracks Reactor  
  21  2:10  Refinery  
  21  2:14  SCV  
  22  2:19  Supply Depot  
  22  2:26  SCV  
  23  2:41  SCV, Hellion  
  23  2:42  Starport  
  26  2:45  Marine  
  26  2:48  Marine  
  28  2:53  SCV  
  29  2:59  Orbital Command  
  29  3:03  Factory Tech Lab  
  29  3:05  SCV  
  30  3:10  Refinery  
  30  3:15  Marine  
  30  3:17  Marine  
  32  3:20  SCV  
  32  3:24  SCV  
  34  3:27  Factory Tech Lab  
  34  3:28  Raven  
  34  3:32  Marine  
  34  3:34  SCV  
  38  3:36  SCV  
  38  3:38  Marine  
  40  3:42  Supply Depot  
  40  3:48  SCV x2  
  41  3:53  Siege Tank  
  45  3:56  Marine  
  46  4:03  SCV x2  
  46  4:04  Supply Depot  
  49  4:15  SCV x2  
  50  4:20  Viking  
  50  4:21  Viking  
  54  4:25  Siege Tank  
  56  4:31  SCV x2  
  56  4:35  Marine  
  58  4:43  SCV x2, Supply Depot  
  60  4:48  Liberator  
  60  4:51  Viking  
  62  5:05  SCV x2, Siege Tank  
  62  5:06  Supply Depot  
  70  5:07  Supply Depot  
  70  5:15  Stimpack  
  70  5:16  Supply Depot  
  70  5:28  SCV x2, Marine  
  73  5:30  Command Center  
  73  5:37  Siege Tank  
  73  5:40  SCV x2  
  78  5:48  Marine  
  79  5:52  SCV x2, Refinery  
  81  5:58  Viking  
  83  6:07  SCV x2  
  83  6:09  Siege Tank  
  83  6:11  Marine  
  86  6:15  Barracks x2  
  86  6:16  Viking, Engineering Bay  
  86  6:17  Engineering Bay  
  89  6:19  SCV  
  89  6:23  SCV  
  91  6:31  SCV  
  92  6:36  SCV  
  87  6:49  SCV  
  87  6:50  Siege Tank  
  87  6:51  Marine  
  87  6:52  SCV  
  87  6:53  Orbital Command  
  89  6:54  Terran Infantry Weapons Level 1  
  89  6:56  Barracks x2  
  89  7:00  Terran Infantry Armor Level 1  
  86  7:02  Viking  
  86  7:05  SCV x2  
  90  7:09  Barracks Reactor  
  90  7:11  Barracks Reactor  
  90  7:15  Viking  
  92  7:17  SCV  
  92  7:18  SCV  
  92  7:21  Sensor Tower  
  95  7:22  SCV  
  95  7:30  SCV  
  95  7:32  Viking, SCV  
  95  7:33  Refinery  
  95  7:35  Refinery  
  99  7:38  Marine  
  99  7:39  SCV  
  99  7:43  Supply Depot  
  101  7:45  Viking  
  101  7:49  Marine x4  
  101  7:50  Sensor Tower  
  107  7:53  SCV x2  
  108  8:02  SCV  
  108  8:03  Barracks Reactor  
  109  8:08  SCV x2  
  109  8:11  Viking  
  102  8:14  Marine x3, Barracks Reactor  
  102  8:15  Viking, SCV  
  102  8:19  Marine x2  
  106  8:29  SCV  
  106  8:30  SCV  
  106  8:32  Siege Tank, Marine x3  
  111  8:35  SCV  
  111  8:37  Marine x2  
  114  8:43  Viking  
  114  8:44  Marine  
  114  8:47  Combat Shield  
  117  8:48  Supply Depot  
  117  8:49  Viking, Supply Depot  
  117  8:53  Marine x3  
  117  8:58  Marine  
  117  8:59  Marine  
  117  9:00  Marine x2  
  117  9:01  Marine  
  112  9:04  SCV x2, Siege Tank  
  112  9:06  Orbital Command  
  112  9:08  Marine  
  88  9:11  Marine x3  
  88  9:13  Medivac  
  88  9:16  Marine  
  91  9:17  Marine  
  91  9:18  Marine x2  
  91  9:19  Medivac, Marine  
  91  9:24  Armory, SCV  
  97  9:25  SCV  
  97  9:26  Marine  
  97  9:28  Marine  
  97  9:29  Marine  
  101  9:33  Marine  
  101  9:34  Marine  
  101  9:36  Siege Tank  
  101  9:38  Marine x2  
  108  9:40  Marine  
  108  9:44  Marine x2  
  108  9:47  Marine  
  108  9:48  Marine  
  108  9:51  Marine  
  108  9:52  Marine  
  107  9:56  Marine  
  101  10:00  Orbital Command  
  101  10:04  Marine x2  
  103  10:07  SCV  
  103  10:08  SCV  
  104  10:16  Viking x2  
  104  10:22  SCV x2  
  104  10:25  SCV, Barracks Tech Lab  
  106  10:30  Marauder, Marine  
  106  10:34  SCV x2  
  111  10:37  SCV  
  112  10:49  Marine x6  
  93  10:53  Marine  
  93  10:54  SCV  
  93  11:02  SCV  
  84  11:06  Marine  
  84  11:07  Marine x5  
  84  11:09  SCV  
  84  11:10  SCV  
  92  11:11  Marine  
  97  11:22  Medivac x2  
  97  11:24  Marine x4  
  103  11:26  Marauder  
  103  11:30  Marauder, Marine  
  106  11:34  Factory Tech Lab  
  106  11:42  Marine x4  
  112  11:47  Marauder  
  112  11:48  Marauder  
  112  11:52  Marauder  
  116  12:00  Marine x2  
  114  12:05  Marine x2  
  114  12:06  Medivac x2  
  125  12:08  Marauder  
  125  12:10  Marauder  
  125  12:12  Command Center  
  125  12:13  Marauder  
  129  12:18  Marine  
  129  12:20  Sensor Tower  
  129  12:22  Starport  
  127  12:23  Starport  
  127  12:26  Marine  
  130  12:30  Marauder  
  130  12:31  Marauder  
  130  12:34  Marine  
  133  12:39  Marine  
  133  12:49  Marine, Supply Depot  
  133  12:50  SCV x3, Marauder, Supply Depot  
  141  12:51  Marauder  
  132  13:01  Marine  
  132  13:02  Marauder  
  123  13:11  Marine x2  
  123  13:12  Marauder x2, Medivac x2  
  109  13:13  Marine  
  109  13:19  Marine  
  102  13:20  Siege Tank  
  102  13:21  SCV x2  
  102  13:22  Liberator x2  
  102  13:23  Marauder  
  102  13:26  Liberator  
  106  13:31  Orbital Command  
  106  13:33  Marauder  
  114  13:45  Marine  
  114  13:46  Marauder, Marine  
  114  13:47  Marine  
  122  13:49  Marine  
  122  13:54  Viking x2  
  127  13:59  Marauder, Marine  
  130  14:03  Terran Infantry Weapons Level 2, Marine  
  130  14:04  Marine  
  130  14:05  Terran Infantry Armor Level 2  
  132  14:15  Marauder, Marine  
  132  14:16  Marine  
  124  14:19  Viking  
  124  14:22  Viking  
  124  14:24  Marauder, Marine  
  133  14:27  Marine  
  134  14:31  Marauder  
  134  14:32  Marine  
  134  14:34  Refinery  
  134  14:35  Marine, Refinery  
  134  14:37  Marauder  
  138  14:39  Viking  
  138  14:40  Terran Ship Weapons Level 1  
  138  14:43  Command Center, Marine  
  143  14:45  Marauder  
  143  14:48  SCV x2  
  143  14:49  SCV  
  138  14:54  Marine  
  138  14:55  Marauder  
  140  15:02  Marauder, Marine  
  141  15:12  Marauder, Marine x2  
  141  15:13  Marine  
  135  15:16  Marauder  
  135  15:19  Viking  
  135  15:20  Marine  
  138  15:24  Marauder  
  138  15:25  Viking  
  141  15:30  Viking, Marine x2  
  141  15:31  Marine  
  141  15:34  Marauder  
  142  15:42  Viking  
  142  15:43  Viking x2  
  142  15:46  SCV x2  
  150  15:51  SCV  
  150  15:52  SCV  
  150  15:53  Marauder, Marine x2  
  158  15:59  Marauder, Marine  
  158  16:03  Fusion Core  
  158  16:04  Viking x3  
  164  16:11  SCV  
  164  16:12  SCV  
  164  16:15  Planetary Fortress  
  166  16:20  Viking  
  168  16:35  Viking  
  168  16:39  Marine x2  
  175  16:40  Marauder x2, Marine  
  175  16:43  Refinery x2  
  175  16:45  SCV x2, Refinery  
  175  16:46  SCV x2  
  181  16:51  Marine  
  181  16:52  Marine  
  183  16:56  Viking x2  
  183  16:58  Liberator  
  183  16:59  Advanced Ballistics  
  187  17:07  Marauder  
  180  17:17  Marauder, Marine x2  
  181  17:26  SCV, Command Center  
  181  17:27  Refinery  
  181  17:29  Marauder  
  174  17:34  Marine, Barracks x2  
  174  17:35  Marine  
  174  17:36  Barracks, Marine x2  
  178  17:37  Liberator  
  178  17:39  Marauder  
  178  17:41  Terran Ship Weapons Level 2  
  178  17:43  Terran Infantry Weapons Level 3  
  180  17:51  Marine  
  180  17:52  Marauder, Marine  
  187  18:01  Supply Depot  
  187  18:02  Supply Depot  
  187  18:04  Terran Infantry Armor Level 3  
  187  18:11  Liberator x3  
  187  18:13  Marauder  
  161  18:29  Marine x2  
  161  18:30  Marauder, Barracks Tech Lab  
  161  18:31  Barracks Tech Lab  
  161  18:32  Barracks Tech Lab  
  174  18:34  Marauder  
  174  18:37  SCV x2  
  174  18:38  SCV  
  174  18:39  SCV  
  180  18:51  Viking  
  182  18:57  Liberator x2  
  182  19:01  Planetary Fortress  
  182  19:02  Armory  
  182  19:04  Viking  
  184  19:11  Viking  
  190  19:26  Starport  
  190  19:27  Starport  
  190  19:30  Marine  
  190  19:31  Marauder  
  187  19:46  Liberator  
  187  19:47  Liberator  
  187  19:49  Marine x2  
  187  19:50  Medivac x2  
  187  19:51  Marine x2  
  172  20:04  Viking  
  172  20:06  Marauder x3, Marine x3  
  172  20:07  Marauder  
  183  20:09  Marine x2  
  183  20:10  Marine x2  
  183  20:12  Starport Tech Lab  
  183  20:13  Starport Tech Lab  
  187  20:16  Refinery x2  
  187  20:24  Marauder  
  187  20:26  Viking x2, Marine  
  194  20:33  Command Center  
  194  20:34  Viking  
  196  20:37  Marine  
  196  20:38  Marauder  
  199  20:49  Marine  
  166  20:50  Marauder  
  166  20:51  Marauder, Marine x2  
  166  20:52  Marauder, Marine  
  166  20:53  Marauder, Marine  
  166  20:55  Marine  
  150  20:59  Marine  
  147  21:09  Marine  
  152  21:17  Sensor Tower  
  152  21:21  Battlecruiser x2  
  152  21:24  Weapon Refit  
  160  21:26  Liberator x4  
  160  21:44  Viking  
  160  21:46  Marine  
  165  21:47  Marauder  
  165  21:54  Marauder, Marine  
  146  21:55  Marauder, Marine  
  146  21:59  Marine x2  
  146  22:00  Marauder  
  122  22:04  Marine  
  122  22:07  Planetary Fortress  
  120  22:10  SCV x2  
  120  22:13  SCV x2  
  120  22:14  Viking, SCV  
  127  22:18  Marine  
  127  22:19  Marauder  
  127  22:21  Marauder  
  132  22:27  Viking  
  132  22:29  Viking  
  136  22:32  Viking  
  138  22:38  Concussive Shells  
  138  22:39  Viking  
  138  22:42  Marauder, Marine x2  
  138  22:44  Marine  
  145  22:55  Viking x3  
  151  23:03  Viking x2  
  155  23:08  Marauder x2, Marine  
  160  23:16  Viking x2  
  160  23:18  Marauder, Marine  
  167  23:22  Marauder, Marine x2  
  167  23:26  Viking  
  172  23:45  Viking x2  
  172  23:46  Viking  
  177  23:50  Battlecruiser  
  161  24:11  Viking x2  
  155  24:17  Marine  
  155  24:18  Marauder x2  
  155  24:22  Marine  
  155  24:23  Marauder x3, Marine x3  
  162  24:27  Viking x3  
  162  24:30  Marine  
  160  24:35  Marine  
  156  24:39  Marauder x2  
  156  24:40  Marine  
  156  24:42  Marine x2  
  156  24:43  Marine  
  156  24:45  Medivac x2  
  168  24:47  SCV  
  168  24:48  SCV x3  
  170  24:59  Marine x2  
  161  25:01  Marauder, Marine x2  
  154  25:13  Marine x2  
  154  25:14  Marauder x2  
  160  25:15  Marauder  
  160  25:17  Marine  
  164  25:22  Marine x2  
Show
View Real Time Build Order
Export as new Build Order

InZaNe Terran 

Build Orders: Mech 

Get SALT Encoding   

  12  0:00  SCV  
  13  0:12  SCV  
  14  0:17  Supply Depot  
  14  0:24  SCV  
  15  0:28  Refinery  
  15  0:39  SCV  
  16  0:45  Barracks  
  16  0:51  SCV  
  16  0:55  Refinery  
  17  1:03  SCV  
  18  1:15  SCV  
  19  1:33  Reaper, Orbital Command  
  19  1:37  Factory  
  20  1:45  Supply Depot  
  20  1:59  SCV  
  21  2:05  Reaper  
  22  2:11  SCV  
  23  2:21  Hellion  
  25  2:23  SCV  
  26  2:31  Command Center  
  26  2:37  SCV, Reaper  
  26  2:43  Factory Tech Lab  
  28  2:47  Supply Depot  
  29  3:02  Cyclone  
  29  3:04  Starport  
  31  3:08  SCV  
  31  3:09  Barracks Reactor  
  32  3:20  SCV  
  33  3:33  SCV  
  34  3:39  Refinery  
  34  3:43  Factory Tech Lab  
  34  3:44  Orbital Command  
  34  3:45  SCV  
  34  3:48  Raven, Marine x2  
  39  3:57  SCV  
  40  4:03  Cyclone  
  40  4:07  Refinery  
  40  4:09  SCV  
  44  4:11  Marine x2  
  44  4:14  SCV  
  44  4:15  Supply Depot  
  47  4:21  SCV  
  48  4:29  SCV  
  48  4:31  Marine x2  
  48  4:33  SCV, Raven  
  53  4:41  SCV  
  53  4:45  SCV  
  52  4:46  Supply Depot  
  52  4:47  Siege Tank  
  52  4:50  Marine  
  52  4:51  Marine  
  57  4:53  SCV  
  57  4:56  Supply Depot  
  57  4:57  SCV  
  59  5:05  SCV  
  60  5:09  SCV  
  61  5:20  Command Center  
  61  5:24  Viking x2  
  65  5:29  Siege Tank  
  68  5:36  Marine  
  69  5:43  Supply Depot  
  68  5:54  Viking x2  
  72  6:05  Siege Tank  
  75  6:13  SCV x2  
  75  6:14  Supply Depot  
  78  6:24  Viking x2  
  78  6:25  SCV x2  
  84  6:29  Barracks Reactor  
  84  6:32  Factory  
  83  6:33  Engineering Bay, Factory  
  83  6:36  Orbital Command  
  83  6:37  SCV x2  
  85  6:44  Liberator  
  84  6:47  Siege Tank  
  84  6:49  SCV  
  84  6:53  SCV  
  82  6:58  Viking  
  82  7:04  SCV  
  82  7:05  SCV  
  82  7:07  Orbital Command  
  87  7:16  SCV  
  87  7:17  SCV  
  87  7:18  Armory, Missile Turret  
  87  7:22  Liberator  
  89  7:27  Siege Tank  
  89  7:28  SCV  
  89  7:29  SCV  
  94  7:32  SCV  
  95  7:40  SCV  
  95  7:41  SCV  
  100  7:44  SCV  
  100  7:45  Supply Depot  
  100  7:46  Supply Depot  
  100  7:51  Viking  
  103  7:53  SCV x2  
  103  7:56  SCV  
  107  7:58  Siege Tank  
  107  8:02  Hellion x2  
  107  8:05  SCV  
  103  8:16  Siege Tank  
  106  8:26  Viking x2, Hellion  
  106  8:27  Hellion  
  107  8:32  Siege Tank  
  107  8:33  SCV x3  
  113  8:34  Refinery  
  113  8:36  Refinery  
  113  8:38  Supply Depot x2  
  113  8:45  SCV x3  
  116  8:52  Hellion x2, Siege Tank  
  98  9:10  Viking x2  
  98  9:13  SCV x3  
  108  9:25  SCV x3  
  108  9:28  Terran Vehicle Weapons Level 1  
  108  9:30  Command Center  
  108  9:31  Factory  
  111  9:32  Cyclone, Factory  
  111  9:34  Siege Tank  
  112  9:47  Viking x2  
  112  9:48  Hellion x2  
  116  9:53  Starport  
  116  9:54  Supply Depot  
  108  10:06  Siege Tank  
  91  10:09  Siege Tank  
  94  10:16  Factory Reactor, Factory Tech Lab  
  94  10:22  Viking, Missile Turret, Hellion x2  
  94  10:23  Viking  
  100  10:36  Siege Tank  
  100  10:40  Siege Tank  
  100  10:42  Viking  
  64  11:00  Viking x2  
  64  11:01  Hellion x3  
  64  11:02  SCV x3  
  71  11:14  SCV x2  
  71  11:15  SCV  
  71  11:17  Siege Tank x2  
  71  11:18  Hellion  
  82  11:26  SCV  
  82  11:27  SCV, Hellion x2  
  82  11:28  SCV  
  89  11:37  Viking x3  
  89  11:39  SCV x2, Hellion  
  99  11:40  SCV  
  99  11:44  Terran Vehicle And Ship Armor Level 1  
  100  11:50  Siege Tank  
  100  11:51  SCV x2, Hellion  
  100  11:53  Hellion  
  105  12:03  Siege Tank  
  105  12:06  Command Center  
  104  12:13  Viking  
  104  12:14  Viking, Starport Reactor  
  108  12:18  Cyclone  
  111  12:33  Hellion x3  
  111  12:34  Hellion, Siege Tank  
  111  12:35  Siege Tank  
  123  12:44  Infernal Pre-Igniter  
  123  12:48  Viking  
  125  12:57  Siege Tank  
  90  13:08  SCV x2  
  90  13:09  SCV  
  90  13:11  Siege Tank  
  75  13:20  SCV x2  
  75  13:21  SCV  
  75  13:22  Viking x2  
  75  13:25  SCV  
  83  13:29  Hellion x2  
  83  13:30  Factory Reactor  
  83  13:32  SCV  
  83  13:33  SCV x2  
  90  13:37  SCV  
  90  13:39  Terran Vehicle Weapons Level 2  
  91  13:44  SCV  
  91  13:45  SCV x2  
  94  13:49  Viking  
  94  13:52  Hellion x2  
  100  13:56  SCV  
  100  13:57  SCV x2  
  100  14:01  Liberator  
  100  14:02  Sensor Tower  
  103  14:06  Siege Tank  
  103  14:07  Hellion  
  103  14:08  SCV, Hellion  
  103  14:09  SCV x2  
  113  14:15  Siege Tank  
  115  14:20  SCV  
  115  14:21  SCV x2  
  121  14:26  Planetary Fortress  
  121  14:32  SCV  
  121  14:33  SCV x2  
  121  14:34  Refinery  
  121  14:36  Hellion x3, Refinery  
  121  14:37  Hellion  
  132  14:44  SCV  
  132  14:45  SCV x2  
  133  14:54  Siege Tank x2  
  133  14:55  Siege Tank  
  112  15:15  Viking  
  112  15:16  Viking x3  
  112  15:17  Hellion  
  112  15:19  SCV  
  113  15:22  SCV  
  113  15:23  SCV  
  109  15:33  SCV  
  109  15:35  SCV x2  
  110  15:45  SCV, Missile Turret  
  110  15:47  SCV x2, Missile Turret  
  113  15:57  SCV  
  113  15:59  SCV x2  
  113  16:02  Missile Turret  
  113  16:03  Orbital Command  
  118  16:04  Hellion  
  118  16:09  SCV  
  118  16:11  SCV x2  
  121  16:21  SCV  
  121  16:23  SCV x2  
  124  16:29  Terran Vehicle Weapons Level 3  
  124  16:30  SCV  
  122  16:33  Viking x2, SCV  
  122  16:35  SCV x2  
  129  16:42  SCV  
  129  16:43  Missile Turret  
  129  16:44  Missile Turret  
  129  16:45  SCV  
  131  16:47  SCV x2  
  131  16:50  Viking  
  135  16:56  Viking  
  137  17:06  Viking x2  
  137  17:07  SCV x2  
  137  17:08  SCV x2  
  140  17:11  Siege Tank  
  134  17:16  Refinery x2  
  134  17:19  SCV x2  
  134  17:20  SCV x2  
  128  17:28  Missile Turret  
  148  17:30  Viking, Missile Turret  
  124  17:31  Missile Turret  
  124  17:32  SCV x4  
  130  17:44  SCV x4  
  138  17:45  Thor  
  138  17:50  Thor  
  146  17:56  SCV x4  
  150  18:00  Viking  
  152  18:08  Thor  
  158  18:14  Orbital Command  
  140  18:25  Viking x2  
  134  18:28  SCV x3  
  135  18:38  Viking  
  135  18:39  Viking  
  139  18:47  Thor  
  145  18:57  Thor  
  151  19:08  Thor, Orbital Command  
  157  19:12  Viking  
  157  19:14  Viking  
  161  19:19  Viking  
  163  19:44  Viking x2  
  146  19:57  Siege Tank x2  
  146  19:59  Orbital Command, Siege Tank  
  141  20:02  Hellion x4  
  141  20:06  Supply Depot  
  149  20:22  Viking x4  
  149  20:23  Supply Depot  
  149  20:25  SCV  
  149  20:26  SCV  
  159  20:29  SCV x2, Supply Depot  
  160  20:37  SCV  
  160  20:38  SCV  
  124  20:52  Viking x2  
  124  20:56  SCV x2  
  111  20:57  SCV x2  
  113  21:08  SCV x2  
  113  21:09  SCV x2  
  113  21:11  Terran Vehicle And Ship Armor Level 2  
  117  21:19  Missile Turret, Siege Tank  
  117  21:20  SCV  
  117  21:21  Missile Turret  
  117  21:23  Siege Tank  
  124  21:26  Siege Tank  
  127  21:34  Viking  
  127  21:36  Viking  
  112  21:55  Viking x2  
  112  21:58  SCV x2  
  112  21:59  SCV x2  
  92  22:04  Viking  
  92  22:06  Thor  
  100  22:10  SCV  
  100  22:11  Thor  
  107  22:19  Viking  
  109  22:24  Thor  
  109  22:26  Hellion x2  
  119  22:32  Missile Turret  
  119  22:33  Viking  
  119  22:35  Viking  
  123  22:39  Viking  
  123  22:43  Hellion x2  
  135  22:59  Sensor Tower  
  135  23:02  Viking, Hellion x3  
  135  23:03  Viking  
  139  23:08  Thor  
  139  23:09  Thor  
  139  23:11  Viking  
  147  23:14  Viking  
  149  23:25  Thor  
  155  23:32  Terran Ship Weapons Level 1  
  155  23:39  Command Center  
  155  23:42  Viking  
  155  23:46  Viking  
  157  23:53  Viking  
  127  24:11  Viking  
  127  24:16  Viking  
  120  24:35  Hellion  
  120  24:36  Hellion  
  121  24:41  Viking, SCV x2  
  121  24:47  Barracks  
  120  24:53  Viking, Siege Tank  
  116  25:02  Hellion x2  
  116  25:03  SCV x4  
  118  25:11  Viking  
  114  25:15  SCV x3  
Tags
 
Add a new tag
Caveats
  • Supply blocks, unpowered buildings, or Contaminate may cause inaccurate times.
  • Supply counts are checked every 10 seconds.